2837 views
Uploaded 2020-04-02 15:02:37
Game version 1.32.3
27:54 long 1on1 custom game on (2)ConcealedHill
Game name "PLW2"
Saved by Dziango
2837 views
Uploaded 2020-04-02 15:02:37
Game version 1.32.3
27:54 long 1on1 custom game on (2)ConcealedHill
Game name "PLW2"
72 units @ 11.2k
/ 1.6k
16 buildings @ 2.8k
/ 1.1k


| Healing Salve | 10 | 1000 |
| Scroll of Speed | 5 | 250 |
| Lesser Clarity Potion | 5 | 350 |
| Potion of Mana | 2 | 400 |
| Potion of Healing | 1 | 150 |
| Tiny Great Hall | 1 | 600 |
| Scroll of Healing | 2 | 500 |
| Scroll of Town Portal | 1 | 350 |
| Staff of Teleportation | 1 | 150 |
| Potion of Lesser Invulnerability | 1 | 150 |
| total: | 29 | 3900g |
| Peon | 13 | 975 | / | 0 |
| Grunt | 8 | 1600 | / | 0 |
| Raider | 11 | 1980 | / | 440 |
| Troll Headhunter | 12 | 1680 | / | 240 |
| Kodo Beast | 9 | 2295 | / | 540 |
| Troll Berserker | 19 | 2660 | / | 380 |
| total: | 72 | 11190g | / | 1600w |
| Altar of Storms | 1 | 180 | / | 50 |
| Orc Burrow | 6 | 960 | / | 240 |
| Barracks | 3 | 540 | / | 150 |
| Voodoo Lounge | 1 | 130 | / | 30 |
| War Mill | 1 | 205 | / | 0 |
| Great Hall | 1 | 385 | / | 185 |
| Beastiary | 1 | 145 | / | 140 |
| Spirit Lodge | 2 | 300 | / | 300 |
| Stronghold | 1 | 315 | / | 190 |
| Fortress | 1 | 325 | / | 190 |
| total: | 16 | 2845g | / | 1095w |
| 0:01 | Peon |
| 0:01 | Peon |
| 0:04 | Altar of Storms |
| 0:17 | Orc Burrow |
| 0:21 | Peon |
| 0:33 | Barracks |
| 0:44 | Peon |
| 0:49 | Peon |
| 1:02 | Peon |
| 1:16 | Peon |
| 1:25 | Voodoo Lounge |
| 1:36 | Grunt |
| 2:03 | Feral Spirit |
| 2:22 | Stronghold |
| 2:42 | Orc Burrow |
| 2:45 | Orc Burrow |
| 3:01 | Healing Salve |
| 3:01 | Scroll of Speed |
| 3:22 | Lesser Clarity Potion |
| 3:35 | Chain Lighting |
| 3:52 | Staff of Teleportation |
| 3:56 | Grunt |
| 3:56 | Grunt |
| 4:55 | Beastiary |
| 5:12 | Barracks |
| 5:15 | War Mill |
| 5:31 | Grunt |
| 5:55 | Healing Salve |
| 5:55 | Scroll of Speed |
| 5:57 | Healing Salve |
| 6:29 | Endurance Aura |
| 6:31 | Raider |
| 6:49 | Ensnare |
| 7:03 | Troll Headhunter |
| 7:04 | Berserker Strength |
| 7:10 | Lesser Clarity Potion |
| 7:28 | Great Hall |
| 7:29 | Raider |
| 7:43 | Feral Spirit |
| 7:50 | Orc Burrow |
| 7:52 | Orc Burrow |
| 8:00 | Reinforced Defenses |
| 8:04 | War Stomp |
| 9:00 | Kodo Beast |
| 9:00 | Troll Headhunter |
| 9:12 | Healing Salve |
| 9:15 | Scroll of Speed |
| 9:17 | Scroll of Speed |
| 9:18 | Healing Salve |
| 9:33 | Troll Headhunter |
| 9:35 | Raider |
| 10:23 | Troll Headhunter |
| 10:31 | Healing Salve |
| 10:36 | Peon |
| 10:36 | Peon |
| 10:36 | Peon |
| 10:51 | Troll Headhunter |
| 10:52 | Raider |
| 11:05 | Potion of Mana |
| 11:18 | Grunt |
| 11:51 | Potion of Mana |
| 11:56 | Potion of Healing |
| 12:01 | Grunt |
| 12:02 | Raider |
| 12:02 | Raider |
| 12:14 | War Stomp |
| 12:35 | Scroll of Speed |
| 12:49 | Grunt |
| 13:02 | Kodo Beast |
| 13:06 | Fortress |
| 13:20 | Lesser Clarity Potion |
| 13:20 | Healing Salve |
| 13:28 | Lesser Clarity Potion |
| 13:29 | Healing Salve |
| 13:38 | Troll Headhunter |
| 13:38 | Troll Headhunter |
| 13:39 | Kodo Beast |
| 13:40 | Kodo Beast |
| 14:10 | Scroll of Healing |
| 14:15 | Troll Headhunter |
| 14:27 | Raider |
| 14:52 | Troll Headhunter |
| 14:52 | Troll Headhunter |
| 15:01 | Raider |
| 15:04 | Steel Ranged Weapons |
| 15:09 | Chain Lighting |
| 15:43 | Troll Headhunter |
| 16:10 | Berserker Upgrade |
| 16:14 | Grunt |
| 16:19 | Peon |
| 16:19 | Peon |
| 16:19 | Peon |
| 16:30 | Potion of Lesser Invulnerability |
| 16:38 | Scroll of Healing |
| 16:42 | Troll Headhunter |
| 17:14 | Troll Berserker |
| 17:14 | Troll Berserker |
| 17:16 | Orc Burrow |
| 17:27 | War Drums Damage Increase |
| 17:31 | Endurance Aura |
| 17:50 | Pillage |
| 17:52 | Troll Berserker |
| 18:34 | Kodo Beast |
| 18:51 | Troll Berserker |
| 18:51 | Troll Berserker |
| 18:51 | Troll Berserker |
| 18:52 | Kodo Beast |
| 19:09 | Feral Spirit |
| 19:20 | Troll Berserker |
| 19:38 | Troll Berserker |
| 19:39 | Raider |
| 19:39 | Raider |
| 19:58 | Raider |
| 20:28 | Troll Berserker |
| 20:33 | Troll Berserker |
| 20:33 | Troll Berserker |
| 20:48 | Troll Berserker |
| 20:49 | Kodo Beast |
| 21:41 | Troll Berserker |
| 21:41 | Troll Berserker |
| 21:41 | Troll Berserker |
| 22:02 | Troll Berserker |
| 22:43 | Kodo Beast |
| 22:43 | Kodo Beast |
| 22:45 | Barracks |
| 22:50 | Thorium Ranged Weapons |
| 22:58 | Troll Berserker |
| 23:45 | Tiny Great Hall |
| 24:01 | Troll Berserker |
| 25:09 | Spirit Lodge |
| 25:11 | Spirit Lodge |
| 25:13 | Troll Berserker |
| 25:21 | Healing Salve |
| 25:51 | Scroll of Town Portal |
| 26:09 | War Stomp |
| 27:19 | Healing Salve |
| 27:19 | Lesser Clarity Potion |
50 units @ 7.5k
/ 0.8k
20 buildings @ 3.4k
/ 1k



| Rod of Necromancy | 4 | 600 |
| Orb of Corruption | 1 | 375 |
| Potion of Healing | 2 | 300 |
| Scroll of Healing | 5 | 1250 |
| Potion of Lesser Invulnerability | 5 | 750 |
| total: | 17 | 3275g |
| Acolyte | 8 | 600 | / | 0 |
| Ghoul | 23 | 2760 | / | 0 |
| Crypt Fiend | 9 | 1935 | / | 360 |
| Obsidian Statue | 6 | 1200 | / | 210 |
| Abomination | 4 | 960 | / | 280 |
| total: | 50 | 7455g | / | 850w |
| Nerubian Tower | 2 | 200 | / | 40 |
| Spirit Tower | 1 | 145 | / | 40 |
| Ziggurat | 8 | 1200 | / | 400 |
| Altar of Darkness | 1 | 180 | / | 50 |
| Crypt | 4 | 800 | / | 200 |
| Tomb of Relics | 2 | 260 | / | 60 |
| Graveyard | 2 | 430 | / | 0 |
| Necropolis | 1 | 225 | / | 0 |
| Slaughterhouse | 2 | 280 | / | 270 |
| Halls of the Dead | 2 | 640 | / | 420 |
| Black Citadel | 1 | 325 | / | 230 |
| total: | 20 | 3375g | / | 980w |
| 0:01 | Acolyte |
| 0:04 | Ziggurat |
| 0:05 | Altar of Darkness |
| 0:13 | Acolyte |
| 0:32 | Crypt |
| 0:40 | Acolyte |
| 0:58 | Tomb of Relics |
| 1:16 | Graveyard |
| 1:33 | Ghoul |
| 1:42 | Ghoul |
| 2:08 | Nerubian Tower |
| 2:08 | Rod of Necromancy |
| 2:15 | Death Coil |
| 2:47 | Halls of the Dead |
| 3:08 | Crypt Fiend |
| 3:15 | Ziggurat |
| 3:52 | Unholy Aura |
| 4:06 | Crypt Fiend |
| 4:15 | Rod of Necromancy |
| 4:38 | Crypt Fiend |
| 5:43 | Black Citadel |
| 6:22 | Slaughterhouse |
| 6:35 | Frost Nova |
| 6:47 | Slaughterhouse |
| 6:51 | Ziggurat |
| 6:58 | Burrow |
| 7:42 | Death Coil |
| 7:47 | Crypt Fiend |
| 7:49 | Obsidian Statue |
| 7:49 | Obsidian Statue |
| 8:07 | Ziggurat |
| 8:24 | Orb of Corruption |
| 8:24 | Rod of Necromancy |
| 8:52 | Frost Armor |
| 9:06 | Abomination |
| 9:33 | Howl of Terror |
| 10:12 | Crypt Fiend |
| 10:26 | Ziggurat |
| 10:28 | Creature Attack |
| 11:33 | Crypt Fiend |
| 11:42 | Obsidian Statue |
| 12:06 | Frost Nova |
| 12:09 | Cleaving Attack |
| 12:14 | Crypt Fiend |
| 13:06 | Unholy Aura |
| 13:12 | Obsidian Statue |
| 13:23 | Crypt Fiend |
| 13:27 | Potion of Lesser Invulnerability |
| 13:34 | Scroll of Healing |
| 14:05 | Crypt Fiend |
| 14:20 | Improved Creature Attack |
| 14:49 | Potion of Lesser Invulnerability |
| 14:52 | Scroll of Healing |
| 15:12 | Acolyte |
| 15:56 | Necropolis |
| 16:09 | Creature Carapace |
| 16:21 | Ghoul |
| 16:58 | Ghoul Frenzy |
| 17:09 | Howl of Terror |
| 17:14 | Ziggurat |
| 17:33 | Ziggurat |
| 17:33 | Ziggurat |
| 17:35 | Acolyte |
| 17:35 | Acolyte |
| 17:38 | Potion of Lesser Invulnerability |
| 18:09 | Dark Ritual |
| 18:37 | Abomination |
| 19:21 | Death Coil |
| 19:34 | Crypt |
| 19:36 | Potion of Healing |
| 19:40 | Nerubian Tower |
| 19:41 | Spirit Tower |
| 19:41 | Acolyte |
| 19:57 | Acolyte |
| 20:01 | Abomination |
| 20:07 | Crypt |
| 20:37 | Crypt |
| 20:40 | Scroll of Healing |
| 20:40 | Potion of Lesser Invulnerability |
| 21:10 | Tomb of Relics |
| 21:51 | Frost Nova |
| 22:11 | Abomination |
| 22:19 | Ghoul |
| 22:20 | Ghoul |
| 22:39 | Ghoul |
| 23:00 | Ghoul |
| 23:00 | Ghoul |
| 23:04 | Rod of Necromancy |
| 23:05 | Potion of Healing |
| 23:19 | Potion of Lesser Invulnerability |
| 23:19 | Scroll of Healing |
| 23:37 | Scroll of Healing |
| 23:49 | Ghoul |
| 24:02 | Graveyard |
| 24:10 | Ghoul |
| 24:27 | Ghoul |
| 24:38 | Ghoul |
| 24:39 | Ghoul |
| 24:49 | Cleaving Attack |
| 25:06 | Ghoul |
| 25:28 | Unholy Strength |
| 25:32 | Halls of the Dead |
| 25:45 | Ghoul |
| 25:45 | Ghoul |
| 25:45 | Ghoul |
| 26:34 | Unholy Aura |
| 26:41 | Obsidian Statue |
| 26:41 | Obsidian Statue |
| 27:01 | Ghoul |
| 27:01 | Ghoul |
| 27:11 | Death and Decay |
| 27:56 | Ghoul |
| 27:56 | Ghoul |
| 28:08 | Ghoul |
| 28:09 | Ghoul |